 Dungeon Crawl Stone Soup version 0.17-a0-1570-g74b7129 (webtiles) character file.

49 urechis the Ruffian (level 3, -3/36 HPs)
             Began as a Troll Monk on July 23, 2015.
             Slain by Sigmund
             ... wielding a +3 scythe of flaming
              (4 damage)
             ... on level 2 of the Dungeon.
             The game lasted 00:02:30 (1251 turns).

urechis the Ruffian (Troll Monk)                    Turns: 1251, Time: 00:02:30

Health: -3/36      AC:  5    Str: 20    XL:     3   Next: 51%
Magic:  2/2        EV: 10    Int:  6    God:
Gold:   104        SH:  0    Dex: 12    Spells: 0 memorised, 2 levels left

rFire  . . .     SeeInvis .       - Unarmed
rCold  . . .     Clarity  .     a - +0 robe
rNeg   . . .     SustAt   .     (no shield)
rPois  .         Gourm    +     (helmet restricted)
rElec  .         Spirit   .     (no cloak)
rCorr  .         Warding  .     (gloves unavailable)
rMut   .         Stasis   .     (boots unavailable)
MR     .....                    o - amulet of regeneration
Stlth  +.........               (no ring)
                                d - +1 ring of slaying

@: not resistant to hostile enchantments, very unstealthy
A: unfitting armour, claws 3, fast metabolism 3, gourmand, regeneration 2,
shaggy fur 1, tough skin 2
a: no special abilities


You were on level 2 of the Dungeon.
You were very full.

You visited 1 branch of the dungeon, and saw 2 of its levels.

You collected 104 gold pieces.

Inventory:

Missiles
 p - 8 tomahawks (quivered)
Armour
 a - a +0 robe (worn)
Jewellery
 d - a +1 ring of slaying (left claw)
 o - an amulet of regeneration (around neck)
Scrolls
 f - 2 scrolls of identify {unknown}
 g - a scroll of amnesia {unknown}
 l - a scroll of magic mapping {unknown}
 m - 2 scrolls of remove curse {unknown}
 n - a scroll of fog {unknown}
Potions
 e - a potion of lignification {unknown}
 h - a potion of curing {unknown}
 i - a potion of magic {unknown}
 j - 2 potions of brilliance {unknown}
 q - a potion of heal wounds {unknown}
Comestibles
 b - 4 bread rations
 c - 6 fruits
 k - a slice of pizza


   Skills:
 + Level 2.9 Fighting
 - Level 2.4 Dodging
 - Level 1.1 Stealth
 * Level 4.9 Unarmed Combat


You had 2 spell levels left.
You didn't know any spells.

Dungeon Overview and Level Annotations

Branches:
Dungeon (2/15)

Altars:

Annotations:
D:2 Sigmund


Innate Abilities, Weirdness & Mutations

You are too large for most types of armour.
You have claws for hands.
Your metabolism is lightning-fast.
You like to eat raw meat.
You heal very quickly.
You are covered in fur (AC +1).
You have very tough skin (AC +2).


Message History

You are confused.
You are too confused!
You bump into the rock wall.
Sigmund hits you with a scythe of flaming!
Sigmund burns you.
You bump into the rock wall.
Sigmund closely misses you.
You bump into the rock wall.
Sigmund drinks a potion.
Sigmund seems to grow stronger.
Sigmund is no longer bleeding.
You bump into the rock wall.
Sigmund hits you from afar with a scythe of flaming.
Sigmund burns you.
You bump into the rock wall.
You feel less confused.
Sigmund hits you with a scythe of flaming!!
Ouch! That really hurt!
* * * LOW HITPOINT WARNING * * *
Sigmund burns you.
You die...

#.. ...#.....# ..
.....#.....# ..
...........# .
....#.....## # #.
...###.....#### ##
#.##..<.....#....# #.
#...#.#####..###.###.
#@#.## ##.###.)##.
#.@..# #..###..(.
##.#.## ##.######.
#.#..#####..## #.
#....##.##...####.
###......###.#....
####...###.....[
#.....)...#.#
#...........#
#............


You could see Sigmund.

Vanquished Creatures
  An ooze (D:1)
  2 worms (D:2)
  A giant gecko (D:1)
  3 bats
  7 goblins
  6 hobgoblins
  2 jackals (D:1)
  2 ball pythons
  A giant cockroach (D:2)
  2 giant newts
  4 kobolds
  7 rats
38 creatures vanquished.

Notes
Turn   | Place    | Note
--------------------------------------------------------------
     0 | D:1      | urechis the Troll Monk began the quest for the Orb.
     0 | D:1      | Reached XP level 1. HP: 22/22 MP: 0/0
   297 | D:1      | Reached XP level 2. HP: 29/29 MP: 1/1
   890 | D:2      | Reached XP level 3. HP: 36/36 MP: 2/2
  1241 | D:2      | Noticed Sigmund
  1251 | D:2      | HP: 1/36 [Sigmund/scythe of flaming (21)]
  1251 | D:2      | Slain by Sigmund

Vault maps used:
D:1:      eino_arrival_tree_alley
D:2:      first_bread, st_stairs_4, uniq_sigmund

Action                   || total
-------------------------++-------
Melee: Unarmed           ||    88
 Stab: Sleeping          ||     3
  Eat: Chunk             ||    16
